 Dungeon Crawl Stone Soup version 0.21.1-1-g345015fe64 (webtiles) character file.

58 Barbies the Cudgeler (level 3, -2/35 HPs)
             Began as a Troll Warper on May 28, 2018.
             Slain by a hobgoblin
             ... wielding a +0 club
              (3 damage)
             ... on level 2 of the Dungeon.
             The game lasted 00:16:23 (721 turns).

Barbies the Cudgeler (Troll Warper)                  Turns: 721, Time: 00:16:24

Health: -2/35      AC:  5    Str: 19    XL:     3   Next: 75%
Magic:  2/4        EV: 10    Int: 10    God:
Gold:   45         SH:  0    Dex:  9    Spells: 0/4 levels left

rFire    . . .     SeeInvis .   a - +0 mace
rCold    . . .     Gourm    +   (no shield)
rNeg     . . .     Faith    .   b - +0 robe
rPois    .         Spirit   .   (helmet restricted)
rElec    .         Reflect  .   (no cloak)
rCorr    .         Harm     .   (gloves unavailable)
MR       .....                  (boots unavailable)
Stlth    +.........             (no amulet)
HPRegen  0.51/turn              (no ring)
MPRegen  0.09/turn              (no ring)

@: very slightly contaminated
A: large, unfitting armour, claws 3, fast metabolism 3, gourmand, regeneration
1, shaggy fur 1, tough skin 2
a: no special abilities


You were on level 2 of the Dungeon.
You were not hungry.

You visited 1 branch of the dungeon, and saw 2 of its levels.

You collected 45 gold pieces.

Inventory:

Hand Weapons
 a - a +0 mace (weapon)
 k - a +0 whip
 o - a +0 mace
Missiles
 e - 3 tomahawks of dispersal (quivered)
 h - 7 needles of sleeping
 l - 20 arrows
Armour
 b - a +0 robe (worn)
 g - a +0 robe
 i - a +0 ring mail
 m - a +0 leather armour of poison resistance
 n - a +0 robe
Scrolls
 d - a scroll of blinking
 j - 2 scrolls of identify {unknown}
Potions
 p - a potion of lignification {unknown}
Books
 c - a book of Spatial Translocations

   Spells                             Type                      Level
   a - Blink                          Translocation                2
   b - Shroud of Golubria             Charms/Translocation         2
   c - Lesser Beckoning               Translocation                3
   d - Gell's Gravitas                Translocation                3
   e - Teleport Other                 Translocation                3
   f - Passage of Golubria            Translocation                4
Comestibles
 f - 5 rations


   Skills:
 + Level 1.8 Fighting
 + Level 2.8 Maces & Flails
 + Level 0.8 Throwing
 + Level 2.3 Dodging
 + Level 0.2 Stealth
 + Level 1.4 Spellcasting
 + Level 2.3 Translocations


You couldn't memorise any spells.
You knew the following spells:

 Your Spells              Type           Power        Failure   Level  Hunger
a - Blink                 Tloc           N/A          19%         2    ###....
b - Shroud of Golubria    Chrm/Tloc      #.........   30%         2    ###....


Dungeon Overview and Level Annotations

Branches:
Dungeon (2/15)

Altars:


Innate Abilities, Weirdness & Mutations

You are too large for most types of armour.
You have claws for hands.
Your metabolism is lightning-fast.
You like to eat raw meat.
Your natural rate of healing is unusually fast.
You are covered in fur. (AC +1)
You have very tough skin. (AC +2)


Message History

You eat one of the 6 rations.
That ration really hit the spot!
The jackal closely misses you. The hobgoblin hits you with a club.
* * * LOW HITPOINT WARNING * * *
You hit the jackal.
You kill the jackal!
The hobgoblin barely misses you.
The jackal bites you but does no damage.
You sock the jackal!
You kill the jackal!
The hobgoblin hits you but does no damage.
The jackal bites you.
* * * LOW HITPOINT WARNING * * *
You completely miss the jackal.
The jackal bites you but does no damage.
The hobgoblin hits you with a club!
* * * LOW HITPOINT WARNING * * *
The jackal closely misses you.
You closely miss the jackal. The jackal barely misses you.
The hobgoblin hits you with a club.
You die...

...... ##.#.. ....
####..###. ...
..##.## .. #.#
#.##.# #.
..#####.##### #.##<#
.
....h.......###.##.#
..#####.K##........#
##gh#####.##....#
##@## #....##....
#...# #...## ..#
#.....# #..... #
#.....# ...#$..
#.....# ..####.#
##...## ..# .# .....
..... #.....#


You could see a jackal, a hobgoblin and a kobold.

Vanquished Creatures
  A worm (D:2)
  A dart slug (D:1)
  A leopard gecko (D:1)
  6 bats
  A giant cockroach (D:1)
  6 goblins
  3 hobgoblins (D:1)
  12 jackals
  6 kobolds
  A quokka (D:2)
  2 frilled lizards (D:1)
  6 rats
46 creatures vanquished.

Notes
Turn   | Place    | Note
-------+----------+-------------------------------------------
     0 | D:1      | Barbies the Troll Warper began the quest for the Orb.
     0 | D:1      | Reached XP level 1. HP: 19/19 MP: 1/1
   118 | D:1      | Reached XP level 2. HP: 27/27 MP: 3/3
   122 | D:1      | Learned a level 2 spell: Blink
   396 | D:1      | Reached XP level 3. HP: 35/35 MP: 4/4
   401 | D:1      | Learned a level 2 spell: Shroud of Golubria
   720 | D:2      | HP: 1/35 [hobgoblin/club (7)]
   721 | D:2      | Slain by a hobgoblin

Skill      XL: |  1 |
---------------+----+-----
Dodging        | 2 |  2.3
Maces & Flails | 2 |  2.8
Fighting       | |  1.8
Throwing       | |  0.8
Stealth        | |  0.2
Spellcasting   | |  1.4
Translocations | |  2.3

Action                   || total
-------------------------++-------
Melee: Mace              ||   144
Throw: Tomahawk          ||     2
 Cast: Blink             ||     2
  Eat: Chunk             ||     3
       Ration            ||     1
Armor: Robe              ||    97
Dodge: Dodged            ||   169
